NYP
TRI-CITY DUST DEVILS @ HILLSBORO HOPS
04/07/2044
 
TOP OF THE 1ST
Tri-City Dust Devils batting - Pitching for Hillsboro Hops : LHP Ryan Cole
Pitching: LHP Ryan Cole
Batting: RHB Ruben Luis 0-0: Called Strike
0-1: Foul Ball, location: 2F
0-2: Strikes out swinging
Pitching: RHP Pat Green
Batting: RHB Ryan Tatum 0-0: Ball
1-0: Ball
2-0: Ball
3-0: Base on Balls
Batting: LHB Frank McConnell 0-0: Ball
1-0: Swinging Strike
1-1: Ball
2-1: Foul Ball, location: 2F
2-2: Strikes out looking
Batting: RHB Tom Tate 0-0: Ball
1-0: Ball
2-0: Ball
Wild Pitch!
Ryan Tatum to second
3-0: Foul Ball, location: 2F
3-1: Swinging Strike
3-2: Base on Balls
Batting: RHB Derrick Abrams 0-0: Ball
1-0: Foul Ball, location: 2F
1-1: Ball
2-1: Ball
3-1: Hit by Pitch
Ryan Tatum to third
Tom Tate to second
Batting: SHB Ryan Brown 0-0: Ball
1-0: Foul Ball, location: 2F
1-1: Ball
2-1: Foul Ball, location: 2F
2-2: Ball
3-2: Base on Balls
Ryan Tatum scores
Tom Tate to third
Derrick Abrams to second
Batting: RHB Tyler West 0-0: Foul Ball, location: 2F
0-1: Called Strike
0-2: Ball
1-2: Ball
2-2: DOUBLE (Line Drive, 9LS, EV 99.4 MPH)
Tom Tate scores
Derrick Abrams scores
Ryan Brown to third
Runner from 3rd tries for Home, SAFE, no throw by RF
Pitching: RHP Josh Halvorson
Batting: LHB Rogelio Nunez 0-0: Foul Ball, location: 2F
0-1: Ball
1-1: Ball
2-1: Ball
3-1: Called Strike
3-2: Foul Ball, location: 2F
3-2: Strikes out swinging
Top of the 1st over - 4 runs, 1 hit, 0 errors, 1 left on base; Tri-City 4 - Hillsboro 0
BOTTOM OF THE 1ST
Hillsboro Hops batting - Pitching for Tri-City Dust Devils : RHP Nick Goodlow
Pitching: RHP Nick Goodlow
Batting: RHB Yasuo Nakata 0-0: Ground out 6-3 (Groundball, 6, EV 86.2 MPH)
Batting: RHB Edgar Garcia 0-0: Swinging Strike
0-1: Foul Ball, location: 2F
0-2: Ball
1-2: Ground out 5-3 (Groundball, 5, EV 90.0 MPH)
Batting: RHB Larry Hardman 0-0: Foul Ball, location: 2F
0-1: Ground out 1-3 (Groundball, 15S, EV 68.1 MPH)
Bottom of the 1st over - 0 runs, 0 hits, 0 errors, 0 left on base; Tri-City 4 - Hillsboro 0
TOP OF THE 2ND
Tri-City Dust Devils batting - Pitching for Hillsboro Hops : RHP Josh Halvorson
Batting: RHB Bernardino Truyeres 0-0: Called Strike
0-1: Ball
1-1: Called Strike
1-2: Ball
2-2: Strikes out looking
Batting: RHB Ruben Luis 0-0: Swinging Strike
0-1: Ball
1-1: Foul Ball, location: 2F
1-2: Foul Ball, location: 2F
1-2: Ball
2-2: SINGLE (Groundball, 6MD, EV 105.6 MPH)
Batting: RHB Ryan Tatum 0-0: Ball
Ruben Luis steals 2nd base
1-0: Ball
2-0: Ball
Ruben Luis steals 3rd base
3-0: Called Strike
3-1: Foul Ball, location: 2F
3-2: Ground out U3 (Groundball, 3, EV 89.4 MPH)
Batting: LHB Frank McConnell 0-0: Foul Ball, location: 2F
0-1: Called Strike
0-2: TRIPLE (Flyball, 78XD, EV 100.0 MPH)
Ruben Luis scores
Batting: RHB Tom Tate 0-0: Called Strike
0-1: Swinging Strike
0-2: Strikes out swinging
Top of the 2nd over - 1 run, 2 hits, 0 errors, 1 left on base; Tri-City 5 - Hillsboro 0
BOTTOM OF THE 2ND
Hillsboro Hops batting - Pitching for Tri-City Dust Devils : RHP Nick Goodlow
Batting: RHB Jeremy Coffey 0-0: SOLO HOME RUN (Flyball, 78XD, EV 108.8 MPH), Distance : 459 ft
Batting: RHB Chris Bittner 0-0: Ground out 6-3 (Groundball, 6, EV 85.0 MPH)
Batting: RHB Jeremy Adams 0-0: Ground out 4-3 (Groundball, 4, EV 109.4 MPH)
Batting: RHB Bryan Shuller 0-0: Called Strike
0-1: Called Strike
0-2: Ball
1-2: Foul Ball, location: 2F
1-2: Ball
2-2: Foul Ball, location: 2F
2-2: Foul Ball, location: 2F
2-2: Ground out 5-3 (Groundball, 5, EV 83.8 MPH)
Bottom of the 2nd over - 1 run, 1 hit, 0 errors, 0 left on base; Tri-City 5 - Hillsboro 1
TOP OF THE 3RD
Tri-City Dust Devils batting - Pitching for Hillsboro Hops : RHP Josh Halvorson
Batting: RHB Derrick Abrams 0-0: Ground out 4-3 (Groundball, 4, EV 80.0 MPH)
Batting: SHB Ryan Brown 0-0: Ground out 6-3 (Groundball, 6S, EV 84.4 MPH)
Batting: RHB Tyler West 0-0: Ball
1-0: Ball
2-0: Called Strike
2-1: SINGLE (Line Drive, 6M, EV 96.9 MPH)
Batting: LHB Rogelio Nunez 0-0: Ball
1-0: Ball
2-0: Ball
Balk!
Tyler West to second
3-0: Called Strike
3-1: SINGLE (Groundball, 56S, EV 64.4 MPH) (infield hit)
Tyler West to third
Batting: RHB Bernardino Truyeres 0-0: Called Strike
0-1: Ball
1-1: Foul Ball, location: 2F
1-2: Ball
2-2: Ball
3-2: Strikes out looking
Top of the 3rd over - 0 runs, 2 hits, 0 errors, 2 left on base; Tri-City 5 - Hillsboro 1
BOTTOM OF THE 3RD
Hillsboro Hops batting - Pitching for Tri-City Dust Devils : RHP Nick Goodlow
Batting: RHB Brandon Joshua 0-0: Foul Ball, location: 2F
0-1: Ball
1-1: Ball
2-1: Called Strike
2-2: Ground out 6-3 (Groundball, 56, EV 87.5 MPH)
Batting: RHB Trevor Corey 0-0: Called Strike
0-1: Fly out, F7 (Line Drive, 7, EV 92.5 MPH)
Batting: RHB Yasuo Nakata 0-0: Ball
1-0: Ball
2-0: Ball
3-0: Base on Balls
Batting: RHB Edgar Garcia 0-0: Called Strike
Yasuo Nakata is caught stealing 2nd base 2-4
Bottom of the 3rd over - 0 runs, 0 hits, 0 errors, 0 left on base; Tri-City 5 - Hillsboro 1
TOP OF THE 4TH
Tri-City Dust Devils batting - Pitching for Hillsboro Hops : RHP Josh Halvorson
Batting: RHB Ruben Luis 0-0: Ball
1-0: Ball
2-0: Ball
3-0: Called Strike
3-1: SINGLE (Groundball, 4MD, EV 97.5 MPH)
Batting: RHB Ryan Tatum 0-0: Called Strike
0-1: Ball
1-1: Ball
Ruben Luis steals 2nd base
2-1: Ball
3-1: Swinging Strike
3-2: Base on Balls
Batting: LHB Frank McConnell 0-0: Ball
1-0: Ball
2-0: SINGLE (Flyball, 8LS, EV 88.1 MPH)
Ruben Luis to third
Ryan Tatum to second
Batting: RHB Tom Tate 0-0: Foul Ball, location: 2F
0-1: Fly out, F8 (Flyball, 8RD, EV 102.5 MPH)
Runner from 3rd tags up, SCORES, throw by CF
Ryan Tatum to third
Pitching: LHP Lothar Klasen
Batting: RHB Derrick Abrams 0-0: Called Strike
0-1: Ball
1-1: Ball
2-1: Ball
3-1: Base on Balls
Frank McConnell to second
Batting: SHB Ryan Brown 0-0: Ball
1-0: Foul Ball, location: 2F
1-1: Ball
2-1: Foul Ball, location: 2F
2-2: Ground out 5-3 (Groundball, 5L, EV 86.9 MPH)
Ryan Tatum scores
Frank McConnell to third
Derrick Abrams to second
Batting: RHB Tyler West 0-0: Ball
1-0: Called Strike
1-1: Fly out, F9 (Flyball, 9LM, EV 98.1 MPH)
Top of the 4th over - 2 runs, 2 hits, 0 errors, 2 left on base; Tri-City 7 - Hillsboro 1
BOTTOM OF THE 4TH
Hillsboro Hops batting - Pitching for Tri-City Dust Devils : RHP Nick Goodlow
Batting: RHB Edgar Garcia 0-0: Ball
1-0: Ball
2-0: SINGLE (Groundball, 56D, EV 104.4 MPH)
Batting: RHB Larry Hardman 0-0: Called Strike
0-1: Ball
Edgar Garcia steals 2nd base
1-1: Foul Ball, location: 2F
1-2: Ball
2-2: Strikes out swinging
Batting: RHB Jeremy Coffey 0-0: Ball
1-0: Swinging Strike
1-1: Ball
Balk!
Edgar Garcia to third
2-1: Ball
3-1: Base on Balls
Batting: RHB Chris Bittner 0-0: Ball
1-0: Ball
2-0: Swinging Strike
2-1: Foul Ball, location: 2F
2-2: Ball
3-2: Base on Balls
Jeremy Coffey to second
Batting: RHB Jeremy Adams 0-0: Fly out, F8 (Flyball, 8RD, EV 78.1 MPH)
Runner from 3rd tags up, OUT at HOME! 8-2
Bottom of the 4th over - 0 runs, 1 hit, 0 errors, 2 left on base; Tri-City 7 - Hillsboro 1
TOP OF THE 5TH
Tri-City Dust Devils batting - Pitching for Hillsboro Hops : LHP Lothar Klasen
Batting: LHB Rogelio Nunez 0-0: Called Strike
0-1: Foul Ball, location: 2F
0-2: Ball
1-2: Ball
2-2: Strikes out looking
Batting: RHB Bernardino Truyeres 0-0: Ball
1-0: Ball
2-0: Called Strike
2-1: Ball
3-1: Foul Ball, location: 2F
3-2: Foul Ball, location: 2F
3-2: Base on Balls
Batting: RHB Ruben Luis 0-0: SINGLE (Line Drive, 89M, EV 95.0 MPH)
Bernardino Truyeres to second
Batting: RHB Ryan Tatum 0-0: Called Strike
0-1: Swinging Strike
0-2: Ball
1-2: Strikes out swinging
Batting: LHB Frank McConnell 0-0: Ball
1-0: Ball
2-0: Fly out, F3 (Popup, 3F, EV 60.6 MPH)
Top of the 5th over - 0 runs, 1 hit, 0 errors, 2 left on base; Tri-City 7 - Hillsboro 1
BOTTOM OF THE 5TH
Hillsboro Hops batting - Pitching for Tri-City Dust Devils : RHP Nick Goodlow
Batting: RHB Bryan Shuller 0-0: Ball
1-0: Foul Ball, location: 2F
1-1: Foul Ball, location: 2F
1-2: DOUBLE (Line Drive, 78D, EV 109.4 MPH)
Batting: RHB Brandon Joshua 0-0: Called Strike
0-1: Swinging Strike
0-2: Ball
1-2: Ball
2-2: Ground out 4-3 (Groundball, 4, EV 109.4 MPH)
Bryan Shuller to third
Batting: RHB Trevor Corey 0-0: Ball
1-0: Called Strike
1-1: Ground out U3 (Groundball, 3S, EV 85.0 MPH)
Batting: RHB Yasuo Nakata 0-0: Called Strike
0-1: Called Strike
0-2: Ball
1-2: Fly out, F8 (Flyball, 8RD, EV 98.8 MPH)
Bottom of the 5th over - 0 runs, 1 hit, 0 errors, 1 left on base; Tri-City 7 - Hillsboro 1
TOP OF THE 6TH
Tri-City Dust Devils batting - Pitching for Hillsboro Hops : LHP Lothar Klasen
Batting: RHB Tom Tate 0-0: Swinging Strike
0-1: Ball
1-1: Swinging Strike
1-2: Foul Ball, location: 2F
1-2: Foul Ball, location: 2F
1-2: Foul Ball, location: 2F
1-2: Fly out, F8 (Flyball, 8LD, EV 103.8 MPH)
Batting: RHB Derrick Abrams 0-0: Ball
1-0: Swinging Strike
1-1: Fly out, F8 (Flyball, 78M, EV 86.2 MPH)
Batting: SHB Ryan Brown 0-0: Ball
1-0: Swinging Strike
1-1: Swinging Strike
1-2: Foul Ball, location: 2F
1-2: Ball
2-2: Ball
3-2: Foul Ball, location: 2F
3-2: Foul Ball, location: 2F
3-2: Strikes out looking
Top of the 6th over - 0 runs, 0 hits, 0 errors, 0 left on base; Tri-City 7 - Hillsboro 1
BOTTOM OF THE 6TH
Hillsboro Hops batting - Pitching for Tri-City Dust Devils : RHP Nick Goodlow
Batting: RHB Edgar Garcia 0-0: Foul Ball, location: 2F
0-1: Ball
1-1: Ball
2-1: Called Strike
2-2: Foul Ball, location: 2F
2-2: SINGLE (Groundball, 4M, EV 108.1 MPH)
Batting: RHB Larry Hardman 0-0: Called Strike
0-1: Ball
1-1: Fielders Choice at 2nd, 5-4 (Groundball, 56S, EV 86.9 MPH)
Batting: RHB Jeremy Coffey 0-0: Ball
Larry Hardman steals 2nd base
1-0: SINGLE (Line Drive, 4MD, EV 106.2 MPH)
Larry Hardman to third
Batting: RHB Chris Bittner 0-0: DOUBLE (Line Drive, 78M, EV 105.6 MPH)
Larry Hardman scores
Jeremy Coffey to third
Batting: RHB Jeremy Adams 0-0: Ball
1-0: Called Strike
1-1: Ball
2-1: Foul Ball, location: 2F
2-2: Fly out, F8 (Flyball, 8LXD, EV 100.0 MPH)
Runner from 3rd tags up, SCORES, no throw by CF
Batting: RHB Bryan Shuller 0-0: SINGLE (Line Drive, 56, EV 104.4 MPH)
Chris Bittner to third
Runner from 3rd tries for Home, throw by LF and OUT! 7-2
Bottom of the 6th over - 2 runs, 4 hits, 0 errors, 1 left on base; Tri-City 7 - Hillsboro 3
TOP OF THE 7TH
Tri-City Dust Devils batting - Pitching for Hillsboro Hops : LHP Lothar Klasen
Pitching: LHP Eric Dennis
Batting: RHB Tyler West 0-0: Ball
1-0: Ball
2-0: Ball
3-0: Base on Balls
Batting: LHB Rogelio Nunez 0-0: Called Strike
0-1: Ball
1-1: Fly out, F8 (Flyball, 8RD, EV 101.9 MPH)
Batting: RHB Bernardino Truyeres 0-0: Reached on error, E6 (Groundball, 6M, EV 88.1 MPH)
Tyler West to second
Batting: RHB Ruben Luis 0-0: Ball
1-0: Called Strike
1-1: Called Strike
1-2: Fielders Choice at 2nd, 6-4 (Groundball, 56D, EV 108.8 MPH)
Tyler West to third
Batting: RHB Ryan Tatum 0-0: Ball
Pickoff Throw to First - Error! E1
Tyler West scores
Ruben Luis to second
1-0: Ball
2-0: Called Strike
2-1: Swinging Strike
2-2: Ball
3-2: Foul Ball, location: 2F
3-2: Foul Ball, location: 2F
3-2: Foul Ball, location: 2F
3-2: Foul Ball, location: 2F
3-2: Foul Ball, location: 2F
3-2: Base on Balls
Batting: LHB Frank McConnell 0-0: Fly out, F8 (Flyball, 8LM, EV 90.0 MPH)
Top of the 7th over - 1 run, 0 hits, 2 errors, 2 left on base; Tri-City 8 - Hillsboro 3
BOTTOM OF THE 7TH
Hillsboro Hops batting - Pitching for Tri-City Dust Devils : RHP Nick Goodlow
Pitching: RHP Ching Ge
Batting: RHB Brandon Joshua 0-0: Called Strike
0-1: Ball
1-1: Ball
2-1: Swinging Strike
2-2: Foul Ball, location: 2F
2-2: Strikes out swinging
Batting: RHB Trevor Corey 0-0: Ball
1-0: Ball
2-0: Called Strike
2-1: Foul Ball, location: 2F
2-2: Strikes out swinging
Batting: RHB Yasuo Nakata 0-0: Ball
1-0: Called Strike
1-1: Ball
2-1: Called Strike
2-2: Ball
3-2: Foul Ball, location: 2F
3-2: Foul Ball, location: 2F
3-2: Strikes out swinging
Bottom of the 7th over - 0 runs, 0 hits, 0 errors, 0 left on base; Tri-City 8 - Hillsboro 3
TOP OF THE 8TH
Tri-City Dust Devils batting - Pitching for Hillsboro Hops : LHP Eric Dennis
Batting: RHB Tom Tate 0-0: Foul Ball, location: 2F
0-1: Foul Ball, location: 2F
0-2: Foul Ball, location: 2F
0-2: Foul Ball, location: 2F
0-2: Strikes out looking
Batting: RHB Derrick Abrams 0-0: Called Strike
0-1: Ball
1-1: Called Strike
1-2: Strikes out looking
Batting: SHB Ryan Brown 0-0: Swinging Strike
0-1: Swinging Strike
0-2: Fly out, F8 (Line Drive, 8RD, EV 96.2 MPH)
Top of the 8th over - 0 runs, 0 hits, 0 errors, 0 left on base; Tri-City 8 - Hillsboro 3
BOTTOM OF THE 8TH
Hillsboro Hops batting - Pitching for Tri-City Dust Devils : RHP Ching Ge
Batting: RHB Edgar Garcia 0-0: Swinging Strike
0-1: Foul Ball, location: 2F
0-2: Ball
1-2: Foul Ball, location: 2F
1-2: Ball
2-2: Strikes out swinging
Batting: RHB Larry Hardman 0-0: Ball
1-0: Ball
2-0: Fly out, F8 (Line Drive, 8RD, EV 91.2 MPH)
Batting: RHB Jeremy Coffey 0-0: Swinging Strike
0-1: Ball
1-1: SINGLE (Groundball, 56S, EV 74.4 MPH) (infield hit)
Batting: RHB Chris Bittner 0-0: Ball
1-0: Foul Ball, location: 2F
Balk!
Jeremy Coffey to second
1-1: Called Strike
1-2: Strikes out swinging
Bottom of the 8th over - 0 runs, 1 hit, 0 errors, 1 left on base; Tri-City 8 - Hillsboro 3
TOP OF THE 9TH
Tri-City Dust Devils batting - Pitching for Hillsboro Hops : LHP Eric Dennis
Pitching: RHP Ted Koene
Batting: RHB Tyler West 0-0: Fly out, F3 (Line Drive, 3, EV 67.5 MPH)
Batting: LHB Rogelio Nunez 0-0: Ball
1-0: Foul Ball, location: 2F
1-1: Ball
2-1: Ball
3-1: Fly out, F9 (Flyball, 9LM, EV 105.6 MPH)
Batting: RHB Bernardino Truyeres 0-0: Ground out 5-3 (Groundball, 5, EV 107.5 MPH)
Top of the 9th over - 0 runs, 0 hits, 0 errors, 0 left on base; Tri-City 8 - Hillsboro 3
BOTTOM OF THE 9TH
Hillsboro Hops batting - Pitching for Tri-City Dust Devils : RHP Ching Ge
Pitching: LHP Kentaro Shimasaki
Batting: RHB Jeremy Adams 0-0: Foul Ball, location: 2F
0-1: Ball
1-1: Ball
2-1: Ball
3-1: Base on Balls
Batting: RHB Bryan Shuller 0-0: Called Strike
0-1: Fly out, F9 (Flyball, 9S, EV 86.9 MPH)
Batting: RHB Brandon Joshua 0-0: Called Strike
0-1: Ball
1-1: Called Strike
1-2: Ball
2-2: Foul Ball, location: 2F
2-2: Ball
3-2: Base on Balls
Jeremy Adams to second
Batting: RHB Trevor Corey 0-0: Called Strike
0-1: Ball
1-1: Grounds into double play, 4-6-3 (Groundball, 4, EV 83.1 MPH)
Bottom of the 9th over - 0 runs, 0 hits, 0 errors, 1 left on base; Tri-City 8 - Hillsboro 3
Thursday, March 31st , 2022 - OOTP Baseball 22.12 Build 89